 Dungeon Crawl Stone Soup version 0.30.0-15-g856e2d3f33 (webtiles) character file.

Game seed: 9767065872023103842

25 zazu2006 the Thaumaturge (level 3, -1/25 HPs)
             Began as a Gnoll Wanderer on May 20, 2023.
             Succumbed to a scorpion's poison
             ... on level 2 of the Dungeon.
             The game lasted 00:03:04 (1041 turns).

zazu2006 the Thaumaturge (Gnoll Wanderer)           Turns: 1041, Time: 00:03:04

Health: -1/25      AC:  3    Str: 10    XL:     3   Next: 4%
Magic:  9/13       EV: 11    Int: 13    God:
Gold:   24         SH:  0    Dex: 12    Spells: 19/20 levels left

rFire   . . .        h - +1 dagger (flame)
rCold   . . .        (no shield)
rNeg    . . .        d - +0 robe
rPois   .            b - +0 helmet
rElec   .            (no cloak)
rCorr   .            (no gloves)
SInv    .            (no boots)
Will    .....        (no amulet)
Stlth   +++          (no ring)
HPRegen 0.24/turn    (no ring)
MPRegen 0.13/turn

%: no passive effects
@: lethally poisoned (-1 -> -8), flying
A: fangs 1, strong nose, distributed training
a: no special abilities


You were on level 2 of the Dungeon.
You visited 1 branch of the dungeon, and saw 2 of its levels.

You collected 63 gold pieces.
You spent 39 gold pieces at shops.

Inventory:

Hand Weapons
 h - a +1 dagger of flaming (weapon)
 i - a +0 long sword
Armour
 b - a +0 helmet (worn)
 d - a +0 robe (worn)
Scrolls
 e - a scroll of fog
 g - a scroll of enchant weapon {unknown}
 j - a scroll of identify
 l - a scroll of teleportation {unknown}
 m - a scroll of summoning {unknown}
Potions
 a - a potion of flight
 c - a potion of invisibility
 f - 2 potions of brilliance
 k - 2 potions of curing
 n - a potion of heal wounds {unknown}


   Skills:
 + Level 0.6 Fighting
 + Level 0.6 Short Blades
 + Level 0.6 Long Blades
 + Level 0.6 Axes
 + Level 0.6 Maces & Flails
 + Level 0.6 Polearms
 + Level 0.6 Staves
 + Level 0.6 Ranged Weapons
 + Level 0.6 Throwing
 + Level 0.6 Armour
 + Level 0.6 Dodging
 + Level 5.9 Stealth
 + Level 0.6 Shields
 + Level 0.6 Unarmed Combat
 + Level 9.3 Spellcasting
 + Level 0.4 Conjurations
 + Level 0.4 Hexes
 + Level 0.4 Summonings
 + Level 0.4 Necromancy
 + Level 0.4 Translocations
 + Level 0.4 Transmutations
 + Level 0.4 Fire Magic
 + Level 0.4 Ice Magic
 + Level 0.4 Air Magic
 + Level 0.4 Earth Magic
 + Level 0.4 Poison Magic
 + Level 2.6 Invocations
 + Level 2.5 Evocations


You had 19 spell levels left.
You knew the following spells:

 Your Spells              Type           Power      Damage    Failure   Level
a - Magic Dart            Conj           28%        1d4       10%         1

Your spell library contained the following spells:

 Spells                   Type           Power      Damage    Failure   Level
 Confusing Touch          Hex            7%         N/A       30%         3
 Dazzling Flash           Conj/Hex       14%        N/A       30%         3
 Vampiric Draining        Necr           7%         2d6       30%         3
 Vhi's Electric Charge    Tloc/Air       14%        N/A       30%         3
 Arcjolt                  Conj/Air       3%         1d13      95%         5
 Maxwell's Capacitive Co  Air            3%         ∞         100%        8


Dungeon Overview and Level Annotations

Branches:
Dungeon (2/15)

Altars:

Shops:
D:1 ?(


Innate Abilities, Weirdness & Mutations

You have very sharp teeth.
Your uncanny sense of smell can sniff out nearby items.
Your experience applies equally to all skills.


Message History

Confirm with . or Enter, or press ? or * to list all spells.
Aiming: Magic Dart (safe; 10% risk of failure)
Press: ? - help, Shift-Dir - straight line, f/p - scorpion
Aim: a scorpion (100% to hit)
The magic dart hits the scorpion.
The scorpion is lightly wounded.
The scorpion stings you.
You closely miss the scorpion.
The scorpion is lightly wounded.
The scorpion stings you.
You hit the scorpion but do no damage.
The scorpion is lightly wounded.
The scorpion stings you.
You are lethally poisoned!
The scorpion poisons you!
You hit the scorpion but do no damage.
You bite the scorpion, but do no damage.
The scorpion is lightly wounded.
You feel very sick. The scorpion stings you.
* * * LOW HITPOINT WARNING * * *
* * * LOW HITPOINT WARNING * * *
You feel very sick.
It was a potion of flight.
You feel very buoyant.
You fly up into the air.
* * * LOW HITPOINT WARNING * * *
You feel sick. The scorpion closely misses you. The scorpion stings you.
* * * LOW HITPOINT WARNING * * *
It was a potion of curing.
You feel better. The scorpion stings you.
* * * LOW HITPOINT WARNING * * *
The scorpion attacks as you move away! The scorpion misses you.
The scorpion stings you but does no damage.
The scorpion attacks as you move away!
The scorpion stings you but does no damage.
The scorpion attacks as you move away! The scorpion stings you.
* * * LOW HITPOINT WARNING * * *
You are lethally poisoned!
The scorpion poisons you!
You die...

#..# .##.#
##.#####..##
....
.$.........#...
.#.####.#..#.##
#.#.....#
#†##.#......
#.##s# .####
#.##.## #
#<...@#
#.#........#
#.+........#
###........#
...........
############


You could see a scorpion.

Vanquished Creatures
  A dart slug (D:1)
  2 endoplasms (D:1)
  A giant cockroach (D:1)
  3 goblins (D:1)
  A hobgoblin (D:1)
  A quokka (D:1)
  5 ball pythons (D:1)
  3 bats
  2 frilled lizards (D:1)
  A kobold (D:1)
  6 rats (D:1)
26 creatures vanquished.

Notes
Turn   | Place    | Note
-------+----------+-------------------------------------------
     0 | D:1      | Reached skill level 9 in Spellcasting
     0 | D:1      | zazu2006 the Gnoll Wanderer began the quest for the Orb.
     0 | D:1      | zazu2006 set off with the following items: a +0 dagger, a
                  | +0 helmet, a potion of invisibility, a +0 robe, a scroll of
                  | fog; and the following spell memorised: Magic Dart; and the
                  | following spells available to memorise: Confusing Touch,
                  | Dazzling Flash, Vampiric Draining.
     0 | D:1      | Reached XP level 1. HP: 13/13 MP: 10/10
    52 | D:1      | Found Ipaypam's Antique Weapon Shoppe.
   250 | D:1      | Reached XP level 2. HP: 19/19 MP: 10/12
   709 | D:1      | Found a faded altar of an unknown god.
   710 | D:1      | Found Kutulaxap's Magic Scroll Emporium.
   716 | D:1      | Bought a scroll of identify for 26 gold pieces
   716 | D:1      | Bought a scroll of noise for 13 gold pieces
   902 | D:1      | Reached XP level 3. HP: 25/25 MP: 9/13
  1023 | D:2      | Noticed a scorpion
  1034 | D:2      | HP: 1/25 [scorpion (1)]
  1041 | D:2      | HP: 1/25 [scorpion (2)]
  1041 | D:2      | Succumbed to a scorpion's poison

Illustrated notes

Levels and vault maps discovered:
D:1:      dpeg_arrival_refuge, layout_basic,
          shapermc_ecumenical_altar_acropolis, serial_shops, shop, shop,
          minmay_misc_feat_rugged, minmay_tiny_reverse_x
D:2:      layout_basic

Skill      XL: | |
---------------+-+-----
Spellcasting   | |  9.3
Fighting       | |  0.6
Short Blades   | |  0.6
Long Blades    | |  0.6
Axes           | |  0.6
Maces & Flails | |  0.6
Polearms       | |  0.6
Staves         | |  0.6
Ranged Weapons | |  0.6
Throwing       | |  0.6
Armour         | |  0.6
Dodging        | |  0.6
Stealth        | |  5.9
Shields        | |  0.6
Unarmed Combat | |  0.6
Conjurations   | |  0.4
Hexes          | |  0.4
Summonings     | |  0.4
Necromancy     | |  0.4
Translocations | |  0.4
Transmutations | |  0.4
Fire Magic     | |  0.4
Ice Magic      | |  0.4
Air Magic      | |  0.4
Earth Magic    | |  0.4
Poison Magic   | |  0.4
Invocations    | |  2.6
Evocations     | |  2.5

Action                     || total
---------------------------++-------
  Melee: Dagger            ||     8
         Bite              ||     1
   Cast: Magic Dart        ||    53
    Use: Potion            ||     2
         Scroll            ||     1
 Armour: Robe              ||     3
  Dodge: Dodged            ||     6
